 Dungeon Crawl Stone Soup version 0.22-a0-565-gfc6459a (webtiles) character file.

427 inc the Conjurer (level 6, -2/36 HPs)
             Began as an Octopode Fire Elementalist on June 28, 2018.
             Slain by an orc
             ... wielding a +0 trident
              (10 damage)
             ... on level 4 of the Dungeon.
             The game lasted 00:06:22 (3683 turns).

inc the Conjurer (Octopode Fire Elementalist)       Turns: 3683, Time: 00:06:23

Health: -2/36      AC:  1    Str:  8    XL:     6   Next: 97%
Magic:  0/9        EV: 13    Int: 23    God:
Gold:   240        SH:  4    Dex: 12    Spells: 8/9 levels left

rFire    . . .     SeeInvis .   h - +0 short sword
rCold    . . .     Gourm    .   p - +0 buckler
rNeg     . . .     Faith    .   (helmet restricted)
rPois    .         Spirit   .   (no amulet)
rElec    .         Reflect  .   k - +4 ring of intelligence
rCorr    .         Harm     .   (no ring)
MR       .....                  (no ring)
Stlth    +++.......             (no ring)
HPRegen  0.12/turn              (no ring)
MPRegen  0.11/turn              (no ring)
                                (no ring)
                                (no ring)

@: slowed, very slow
A: almost no armour, stealthy swim, amphibious, 8 rings, constrict 8, camouflage
1, gelatinous body 1
a: no special abilities


You were on level 4 of the Dungeon.
You were not hungry.

You visited 1 branch of the dungeon, and saw 4 of its levels.

You collected 240 gold pieces.

Inventory:

Hand Weapons
 h - a +0 short sword (weapon)
Armour
 p - a +0 buckler (worn)
Jewellery
 k - a +4 ring of intelligence (left tentacle)
 m - a cursed -3 ring of slaying {unknown}
Scrolls
 a - 3 scrolls of identify {unknown}
 d - 5 scrolls of remove curse {unknown}
 e - a scroll of magic mapping {unknown}
 n - a scroll of fear {unknown}
 o - 2 scrolls of enchant armour {unknown}
 q - a scroll of blinking {unknown}
 r - a scroll of noise {unknown}
 t - a scroll of enchant weapon {unknown}
Potions
 c - a potion of flight {unknown}
 f - 2 potions of curing
 g - a potion of mutation {unknown}
 i - 2 potions of heal wounds {unknown}
 j - 2 potions of brilliance {unknown}
 l - a potion of might {unknown}
 s - a potion of magic {unknown}
Comestibles
 b - 8 rations
 u - 3 chunks of flesh


   Skills:
 - Level 2.0 Dodging
 - Level 2.6 Stealth
 + Level 3.3 Shields
 - Level 2.0 Spellcasting
 - Level 5.4 Conjurations
 - Level 3.7 Fire Magic


You had 8 spell levels left.
You knew the following spells:

 Your Spells              Type           Power        Failure   Level  Hunger
a - Flame Tongue          Conj/Fire      ###..        1%          1    #......

Your spell library contained the following spells:

 Spells                   Type           Power        Failure   Level  Hunger
 Fireball                 Conj/Fire      ###.......   50%         5    ######.
 Conjure Flame            Conj/Fire      ###.....     6%          3    ###....
 Throw Flame              Conj/Fire      ###...       3%          2    ##.....
 Sticky Flame             Conj/Fire      ###.....     21%         4    #####..
 Inner Flame              Hex/Fire       ##......     19%         3    ###....


Dungeon Overview and Level Annotations

Branches:
Dungeon (4/15)
 Temple: D:4-7

Altars:
Sif Muna
Yredelemnul

Annotations:
D:3 1 runed door


Innate Abilities, Weirdness & Mutations

You cannot wear most types of armour.
You are very stealthy in the water. (Stealth+)
You are amphibious.
You can wear up to eight rings at the same time.
You can use your tentacles to constrict eight enemies at once.
Your skin changes colour to match your surroundings (Stealth+).
Your rubbery body absorbs attacks. (AC +1, EV +1)


Message History

Confirm with . or Enter, or press ? or * to list all spells.
Aiming: Flame Tongue (safe; 1% risk of failure)
Press: ? - help, Shift-Dir - straight line, f/p - hound
Aim: a hound The flame tongue hits the hound.
The hound is lightly wounded.
The hound bites you.
The orc hits you from afar with a trident.
The hound bites you.
Casting: Flame Tongue (safe; 1% risk of failure)
Confirm with . or Enter, or press ? or * to list all spells.
Aiming: Flame Tongue (safe; 1% risk of failure)
Press: ? - help, Shift-Dir - straight line, f/p - hound
Aim: a hound (lightly wounded)
The flame tongue hits the hound.
The hound is almost dead.
The hound closely misses you. You block the orc's attack. The hound bites you.
* * * LOW HITPOINT WARNING * * *
The orc hits you from afar with a trident!
You die...

.. #### .. .:.# .. ....#
.. ##+#### ##.)..# ..
#.....# .....# ..
#.....###.[...# .
#.......o.....# #
#.......h.....# #
#.#####....[.@...)..# ##
#.[........####.....#
.###..........# .....#
..............# .....#
..##..........# .....#
#.##..........## ######
.....รท.........########
#.##...................
#.....########.........


You could see a hound and an orc.

Vanquished Creatures
  A phantom (D:4)
  A hound (D:2)
  2 orc wizards (D:4)
  Terence (D:3)
  A worker ant (D:4)
  A gnoll (D:1)
  7 adders
  4 worms
  A dart slug (D:4)
  3 leopard geckos (D:3)
  13 orcs
  2 ball pythons
  3 giant cockroaches
  8 goblins
  12 hobgoblins
  13 jackals
  8 kobolds
  2 quokkas
  8 bats
  5 frilled lizards
  A goblin zombie (D:3)
  A kobold skeleton (D:3)
  10 rats
108 creatures vanquished.

Notes
Turn   | Place    | Note
-------+----------+-------------------------------------------
     0 | D:1      | inc the Octopode Fire Elementalist began the quest for the Orb.
     0 | D:1      | Reached XP level 1. HP: 11/11 MP: 3/3
    57 | D:1      | Reached skill level 2 in Conjurations
    57 | D:1      | Reached XP level 2. HP: 17/17 MP: 0/5
   424 | D:1      | Reached XP level 3. HP: 16/21 MP: 0/6
   563 | D:1      | Reached skill level 3 in Conjurations
  1186 | D:2      | Reached XP level 4. HP: 27/27 MP: 5/7
  1295 | D:2      | Reached skill level 4 in Conjurations
  1434 | D:2      | Found a deep blue altar of Sif Muna.
  1599 | D:2      | Reached XP level 5. HP: 8/31 MP: 0/8
  2057 | D:3      | Reached skill level 5 in Conjurations
  2378 | D:3      | Found a runed door.
  2378 | D:3      | Noticed a human
  2385 | D:3      | Found a basalt altar of Yredelemnul.
  2508 | D:3      | Noticed Terence
  2515 | D:3      | Killed Terence
  2946 | D:4      | Reached XP level 6. HP: 34/36 MP: 3/9
  3237 | D:4      | Reached skill level 1 in Shields
  3323 | D:4      | Noticed a phantom
  3379 | D:4      | Killed a phantom
  3683 | D:4      | Slain by an orc

Vault maps used:
D:1:      saegor_arrival_simple_b
D:2:      lemuel_coloured_pillars_altar, roderic_roman_lattice
D:3:      cheibrodos_greedy_goblins, dk_yredelemnul_ordeal, uniq_terence

Skill      XL: |  1  2  3  4  5  6 |
---------------+-------------------+-----
Conjurations   | 2 3 4 5 |  5.4
Shields        | 3 |  3.3
Dodging        | |  2.0
Stealth        | |  2.6
Spellcasting   | |  2.0
Fire Magic     | |  3.7

Action                   |  1- 3 |  4- 6 || total
-------------------------+-------+-------++-------
Melee: Unarmed           |    24 |       ||    24
       Constrict         |     8 |    21 ||    29
       Tentacles         |     5 |    12 ||    17
       Short sword       |       |    78 ||    78
 Cast: Flame Tongue      |    51 |    83 ||   134
  Use: Potion            |       |     1 ||     1
 Stab: Sleeping          |       |    18 ||    18
  Eat: Chunk             |     1 |     9 ||    10
Armor: Skin              |       |     1 ||     1
Dodge: Dodged            |    30 |    72 ||   102
Block: Buckler           |       |     8 ||     8

Table legend:
 A = Spawn XP
 B = Non-spawn XP
 C = Spawn XP percentage of total XP
 D = Spawn monster count
 E = Non-spawn monster count
 F = Spawn count percentage of total count
 G = Total turns spent on level
                    A         B        C        D         E        F      G
               +---------+---------+-------+---------+---------+-------+---------
         Total |       0 |     610 |   0.0 |       0 |     108 |   0.0 |  3683
               +---------+---------+-------+---------+---------+-------+---------
           D:1 |       0 |      48 |   0.0 |       0 |      24 |   0.0 |   914
           D:2 |       0 |     135 |   0.0 |       0 |      28 |   0.0 |   913
           D:3 |       0 |     130 |   0.0 |       0 |      33 |   0.0 |  1101
           D:4 |       0 |     297 |   0.0 |       0 |      23 |   0.0 |   755
               +---------+---------+-------+---------+---------+-------+---------
